 Dungeon Crawl Stone Soup version 0.23.2-33-g5129a83184 (webtiles) character file.

Game seed: 11364154605045633474

76 DorianNounverber the Magician (level 4, -5/24 HPs)
             Began as a Deep Elf Wizard on July 4, 2019.
             Slain by an ogre
             ... wielding a +0 giant club
              (17 damage)
             ... on level 3 of the Dungeon.
             The game lasted 00:13:52 (2940 turns).

DorianNounverber the Magician (Deep Elf Wizard)     Turns: 2940, Time: 00:13:52

Health: -5/24      AC:  3    Str:  4    XL:     4   Next: 12%
Magic:  13/13      EV: 13    Int: 24    God:
Gold:   251        SH:  0    Dex: 13    Spells: 12/13 levels left

rFire    . . .     SeeInvis .   n - +1 dagger (holy)
rCold    . . .     Gourm    .   (no shield)
rNeg     . . .     Faith    .   E - +0 robe
rPois    .         Spirit   .   b - +0 hat
rElec    .         Reflect  .   (no cloak)
rCorr    .         Harm     .   D - +0 pair of gloves
MR       +....                  (no boots)
Stlth    ++........             (no amulet)
HPRegen  0.08/turn              s - ring of protection from magic
MPRegen  0.13/turn              (no ring)

@: no status effects
A: no striking features
a: no special abilities


You were on level 3 of the Dungeon.
You were not hungry.

You visited 1 branch of the dungeon, and saw 4 of its levels.

You collected 251 gold pieces.

Inventory:

Hand Weapons
 f - a +0 hunting sling
 j - a +0 whip
 n - a +1 dagger of holy wrath (weapon)
 o - a +0 mace
 r - a +0 whip
 A - a +0 whip
 K - a +0 whip
 M - a +0 falchion
 N - a +0 dagger
 O - a +0 short sword
Missiles
 e - 69 poisoned needles
 g - 6 needles of sleeping
 h - 211 stones (quivered)
 k - 68 arrows
 y - a throwing net
 z - 37 sling bullets
 L - 12 bolts
Armour
 a - a +0 robe
 b - a +0 hat (worn)
 v - a +0 robe
 D - a +0 pair of gloves (worn)
 E - a +0 robe (worn)
Jewellery
 s - a ring of protection from magic (left hand)
Scrolls
 c - 3 scrolls of identify {unknown}
 m - a scroll of enchant armour {unknown}
 p - 4 scrolls of remove curse {unknown}
 t - a scroll of random uselessness {unknown}
 w - a scroll of amnesia {unknown}
 F - a scroll of enchant weapon {unknown}
 G - 2 scrolls of magic mapping {unknown}
 H - a scroll of teleportation {unknown}
 I - a scroll of noise {unknown}
Potions
 i - a potion of magic {unknown}
 l - 4 potions of agility {unknown}
 q - a potion of resistance {unknown}
 u - 4 potions of haste {unknown}
 x - a potion of lignification {unknown}
 B - a potion of mutation {unknown}
 C - a potion of brilliance {unknown}
 J - a potion of curing {unknown}
Comestibles
 d - 7 rations


   Skills:
 + Level 0.8 Fighting
 + Level 3.0 Dodging
 + Level 3.1 Stealth
 * Level 5.2 Spellcasting
 * Level 2.4 Conjurations
   Level 1.1 Summonings
   Level 1.1 Translocations


You had 12 spell levels left.
You knew the following spells:

 Your Spells              Type           Power        Failure   Level  Hunger
a - Magic Dart            Conj           ###.         3%          1    None

Your spell library contained the following spells:

 Spells                   Type           Power        Failure   Level  Hunger
 Blink                    Tloc           N/A          9%          2    None
 Call Imp                 Summ           ##......     9%          2    None
 Slow                     Hex            #.......     13%         2    None
 Conjure Flame            Conj/Fire      ##......     16%         3    ##.....
 Mephitic Cloud           Conj/Pois/Air  ##......     19%         3    ##.....


Dungeon Overview and Level Annotations

Branches:
Dungeon (4/15)
 Temple: D:4-7

Altars:
Cheibriados
Hepliaklqana
Kikubaaqudgha


Message History

The ogre is lightly wounded.
Casting: Magic Dart (safe; 3% risk of failure)
Confirm with . or Enter, or press ? or * to list all spells.
Aiming: Magic Dart (safe; 3% risk of failure)
Press: ? - help, Shift-Dir - straight line, f/p - ogre
Aim: an ogre, wielding a +0 giant club (lightly wounded)
The magic dart hits the ogre.
The ogre is lightly wounded.
There is a stone staircase leading up here.
The ogre hits you with a +0 giant club!
Ouch! That really hurt!
You climb upwards.
There is a stone staircase leading down here.
You see here a +0 club.
You see here a leather armour.
There is an open door here.
There is an open door here.
The ogre hits you with a +0 giant club!
Ouch! That really hurt!
You die...

.#.##....................#.# #...
.#.............####'##...#.# #...
.####..........####.###..#.# #...
.####.....)....#.........#.###...
....#..........#.............#...
......##########.........#'#+#...
....##.#.#.#.#.#........>.....###
....#.#.#.#.#.#.#O.....#......#
....##.#.#.#.#.#@.............#
#####.#.#.#.#.#.#+#'#.........###
###.#.#.#.#.#..#.#.#.......#..
####..#.#.#.#.#.#.#.#.#########.#
...'.#.#.#.#.#.#..#.#............
####..#.#.#.#.#.#.#.#############
#.#.#.#.#.#.#..#..............
#..#.#.#.#.#.#################
###.#.#.#.#.#.# #........


You could see an ogre.

Vanquished Creatures
  2 adders (D:2)
  An ooze (D:1)
  2 worms
  A dart slug (D:3)
  A leopard gecko (D:3)
  An orc (D:3)
  4 bats
  2 giant cockroaches
  A hobgoblin (D:2)
  2 jackals (D:1)
  2 quokkas (D:3)
  3 frilled lizards
  7 goblins
  8 kobolds
  7 rats
44 creatures vanquished.

Notes
Turn   | Place    | Note
-------+----------+-------------------------------------------
     0 | D:1      | DorianNounverber the Deep Elf Wizard began the quest for
                  | the Orb.
     0 | D:1      | Reached XP level 1. HP: 10/10 MP: 7/7
   368 | D:1      | Reached XP level 2. HP: 15/15 MP: 7/9
  1140 | D:2      | Reached XP level 3. HP: 20/20 MP: 4/11
  1235 | D:2      | Reached skill level 5 in Spellcasting
  1308 | D:2      | Found a snail-covered altar of Cheibriados.
  1445 | D:2      | Found a hazy altar of Hepliaklqana.
  2122 | D:3      | Reached XP level 4. HP: 23/24 MP: 5/13
  2209 | D:3      | Found an ancient bone altar of Kikubaaqudgha.
  2888 | D:4      | Noticed an ogre
  2940 | D:3      | Slain by an ogre

Skill      XL: |  1  2  3 |
---------------+----------+-----
Conjurations   | 2 |  2.4
Spellcasting   | 5 |  5.2
Stealth        | 3 |  3.1
Dodging        | 3 |  3.0
Fighting       | |  0.8
Summonings     | |  1.1
Translocations | |  1.1

Action                   |  1- 3 |  4- 6 || total
-------------------------+-------+-------++-------
Melee: Unarmed           |    21 |       ||    21
       Dagger            |    38 |       ||    38
Throw: Stone             |    15 |       ||    15
 Cast: Magic Dart        |    70 |    14 ||    84
 Stab: Sleeping          |     1 |       ||     1
  Eat: Ration            |     1 |     1 ||     2
Armor: Robe              |     9 |       ||     9
Dodge: Dodged            |    65 |       ||    65
